AoeStats
← TujaMuriGTI

Black Forest

508835120Analyzed
2v2 RM · 10d ago on Sep 24, 2026· 52m 45s· 4 players
Game mode
Random Map
Map size
Medium (4 player)
Population
200
Speed
Normal
Resources
Standard
Victory
Conquest
Starting age
Dark Age
Ending age
Imperial Age
RankedLock teamsTeams togetherTeam positionsShared explorationLock speedFull tech treeHidden civsTurbo modeCheats
Victory
Defeat
🇪🇸 Khmer · Spain
814
+14
🇪🇸 Celts · Spain
812
+14
🇮🇹 Saxons · Italy
790
-15
🇬🇧 Poles · United Kingdom
755
-13
Peppe_04
0:27 Loom
11:24 Feudal Age
12:10 Double-Bit Axe
12:11 Horse Collar
18:34 Wheelbarrow
22:00 Castle Age
23:52 Bow Saw
25:02 Pikeman
25:46 Squires
27:04 Fortified Wall
28:40 Ballistics
28:16 Murder Holes
28:02 Treadmill Crane
28:33 Masonry
31:00 Hand Cart
30:31 Town Watch
36:24 Imperial Age
33:55 Town Patrol
33:33 Elite Skirmisher
34:03 Arson
38:58 Heavy Plow
38:35 Heavy Scorpion
39:27 Halberdier
43:52 Forging
43:43 Scale Mail Armor
45:14 Light Cavalry
47:43 Two-Man Saw
jonathankclin
12:00 Feudal Age
12:35 Double-Bit Axe
20:43 Castle Age
19:18 Scale Barding Armor
19:00 Horse Collar
20:17 Forging
20:25 Bloodlines
22:17 Bow Saw
24:35 Chain Barding Armor
25:44 Husbandry
26:21 Gold Mining
27:52 Wheelbarrow
28:52 Iron Casting
29:07 Szlachta Privileges
30:32 Hand Cart
31:08 Heavy Plow
34:28 Imperial Age
33:12 Padded Archer Armor
36:19 Crop Rotation
35:20 Cavalier
37:26 Blast Furnace
37:57 Caravan
39:54 Leather Archer Armor
39:30 Fletching
40:10 Lechitic Legacy
40:23 Light Cavalry
41:04 Bodkin Arrow
41:27 Thumb Ring
40:46 Crossbowman
45:23 Arbalester
45:49 Winged Hussar
51:18 Chemistry
50:38 Ballistics
TujaMuriGTI
0:37 Loom
9:59 Feudal Age
10:31 Double-Bit Axe
18:49 Castle Age
21:51 Wheelbarrow
21:37 Stone Mining
23:43 Bow Saw
29:00 Fortified Wall
30:48 Gold Mining
31:34 Stone Shaft Mining
31:42 Stone Shaft Mining
32:45 Gold Shaft Mining
34:55 Imperial Age
33:17 Hand Cart
33:43 Stronghold
33:53 Stronghold
34:40 Scale Mail Armor
34:04 Man-at-Arms
34:30 Gambesons
34:07 Pikeman
35:46 Siege Engineers
35:28 Horse Collar
35:48 Long Swordsman
35:49 Halberdier
36:43 Forging
36:24 Fletching
36:50 Chain Mail Armor
36:38 Heavy Plow
38:00 Hoardings
37:15 Onager
38:41 Iron Casting
38:47 Murder Holes
39:26 Elite Woad Raider
40:51 Conscription
42:52 Chemistry
42:05 Two-Handed Swordsman
43:57 Furor Celtica
43:51 Champion
54:21 Blast Furnace
53:51 Plate Mail Armor
53:16 Bodkin Arrow
53:22 Padded Archer Armor
53:27 Scale Barding Armor
Rasel
1:07 Loom
10:06 Feudal Age
10:27 Horse Collar
10:35 Double-Bit Axe
18:40 Castle Age
18:27 Wheelbarrow
23:40 Bow Saw
26:14 Hand Cart
26:29 Gold Mining
29:07 Hand Cart
29:55 Padded Archer Armor
29:46 Fletching
30:06 Forging
30:02 Scale Barding Armor
31:11 Bloodlines
31:01 Husbandry
33:38 Imperial Age
32:34 Bodkin Arrow
32:55 Leather Archer Armor
33:15 Iron Casting
33:48 Elite Battle Elephant
34:38 Caravan
35:26 Double Crossbow
36:05 Elite Ballista Elephant
37:54 Tusk Swords
37:56 Bracer
39:08 Gold Shaft Mining
44:47 Blast Furnace
Connection lost

Rejoining the realm…

Still unreachable

The connection could not be restored.

Session expired

The server has moved on; the page needs a fresh start.